 Dungeon Crawl Stone Soup version 0.29-a0-91-gdebf4667c2 (webtiles) character file.

Game seed: 18333022971301637272

65 Sweetruy1997 the Spear-Bearer (level 4, 0/32 HPs)
             Began as a Gnoll Wanderer on Feb 7, 2022.
             Slain by a gnoll (6 damage)
             ... on level 2 of the Dungeon.
             The game lasted 00:08:00 (2666 turns).

Sweetruy1997 the Spear-Bearer (Gnoll Wanderer)      Turns: 2666, Time: 00:08:01

Health: 0/32       AC:  3    Str:  9    XL:     4   Next: 14%
Magic:  9/11       EV: 12    Int: 11    God:
Gold:   40         SH:  7    Dex: 16    Spells: 12/13 levels left

rFire   . . .      SeeInvis .   e - +0 whip (holy)
rCold   . . .      Faith    .   b - +2 buckler
rNeg    . . .      Spirit   .   c - +0 leather armour
rPois   .          Reflect  .   (no helmet)
rElec   .          Harm     .   (no cloak)
rCorr   .          Rampage  .   (no gloves)
Will    .....                   (no boots)
Stlth   ++........              (no amulet)
HPRegen 0.10/turn               (no ring)
MPRegen 0.12/turn               (no ring)

@: no status effects
A: fangs 1, strong nose, distributed training
a: no special abilities


You were on level 2 of the Dungeon.
You visited 1 branch of the dungeon, and saw 2 of its levels.

You collected 40 gold pieces.

Inventory:

Hand Weapons
 e - a +0 whip of holy wrath (weapon)
Armour
 b - a +2 buckler (worn)
 c - a +0 leather armour (worn)
Scrolls
 a - a scroll of teleportation
 d - a scroll of fog {unknown}
 h - a scroll of identify {unknown}
Potions
 f - a potion of curing {unknown}
 g - a potion of magic {unknown}


   Skills:
 + Level 1.0 Fighting
 + Level 1.0 Short Blades
 + Level 1.0 Long Blades
 + Level 1.0 Axes
 + Level 1.0 Maces & Flails
 + Level 8.5 Polearms
 + Level 1.0 Staves
 + Level 1.0 Slings
 + Level 1.0 Bows
 + Level 1.0 Crossbows
 + Level 2.7 Throwing
 + Level 1.0 Armour
 + Level 2.7 Dodging
 + Level 1.0 Stealth
 + Level 2.7 Shields
 + Level 1.0 Unarmed Combat
 + Level 5.0 Spellcasting
 + Level 0.8 Conjurations
 + Level 0.8 Hexes
 + Level 0.8 Summonings
 + Level 0.8 Necromancy
 + Level 0.8 Translocations
 + Level 2.2 Transmutations
 + Level 0.8 Fire Magic
 + Level 0.8 Ice Magic
 + Level 0.8 Air Magic
 + Level 0.8 Earth Magic
 + Level 0.8 Poison Magic
 + Level 1.1 Invocations
 + Level 1.0 Evocations


You had 12 spell levels left.
You knew the following spells:

 Your Spells              Type           Power      Damage    Failure   Level
a - Beastly Appendage     Tmut           14%        N/A       16%         1

Your spell library contained the following spells:

 Spells                   Type           Power      Damage    Failure   Level
 Foxfire                  Conj/Fire      16%        2x1d4     28%         1
 Spider Form              Tmut/Pois      6%         N/A       54%         3
 Conjure Flame            Conj/Fire      4%         6-21      63%         3
 Inner Flame              Hex/Fire       4%         N/A       63%         3
 Flame Wave               Conj/Fire      4%         2d5       95%         4


Dungeon Overview and Level Annotations

Branches:
Dungeon (2/15)

Altars:


Innate Abilities, Weirdness & Mutations

You have very sharp teeth.
Your uncanny sense of smell can sniff out nearby items.
Your experience applies equally to all skills.


Message History

Your transformation is almost over.
You have reached level 4!
You feel agile.
You hit the kobold. Your kick misses the kobold.
The kobold is moderately wounded.
The kobold hits you with a +0 dagger. The kobold completely misses you.
You closely miss the kobold. Your bite misses the kobold.
The kobold is moderately wounded.
The kobold hits you with a +0 dagger.
* * * LOW HITPOINT WARNING * * *
Unknown command.
You are too injured to fight recklessly!
Casting: Beastly Appendage (safe; 16% risk of failure)
Confirm with . or Enter, or press ? or * to list all spells.
You miscast Beastly Appendage.
You are very lightly contaminated with residual magic.
Nothing appears to happen.
The kobold hits you with a +0 dagger.
* * * LOW HITPOINT WARNING * * *
You closely miss the kobold. You claw the kobold, but do no damage.
You bite the kobold.
The kobold is severely wounded.
The kobold barely misses you.
You hit the kobold.
You kill the kobold!
You hit the gnoll.
The gnoll is lightly wounded.
The gnoll hits you with a +0 club.
* * * LOW HITPOINT WARNING * * *
You hit the gnoll but do no damage. Your headbutt misses the gnoll.
The gnoll is lightly wounded.
You block the gnoll's attack.
You hit the gnoll but do no damage. Your kick misses the gnoll.
Your headbutt misses the gnoll.
The gnoll is lightly wounded.
Your horns disappear.
Your talons disappear.
You block the gnoll's attack.
You hit the gnoll but do no damage. The gnoll closely misses you.
Your magical contamination has completely faded away.
You hit the gnoll but do no damage. The gnoll hits you with a +0 club.
You die...

.........######
.....g....#...#
..(.....#.#...#
........#.....#
##########....#
#....# ##...# ∆
#g### #@## #..#
##.# #.# #.#
#.## #..# ##.#
#.## ∆


You could see a gnoll.

Vanquished Creatures
  3 gnolls (D:2)
  A dart slug (D:1)
  2 bats
  An endoplasm (D:2)
  2 goblins
  2 hobgoblins (D:1)
  4 jackals (D:1)
  3 quokkas (D:1)
  3 ball pythons
  A frilled lizard (D:1)
  8 kobolds
  4 rats (D:1)
34 creatures vanquished.

Notes
Turn   | Place    | Note
-------+----------+-------------------------------------------
     0 | D:1      | Sweetruy1997 the Gnoll Wanderer began the quest for the
                  | Orb.
     0 | D:1      | Sweetruy1997 set off with the following items: a +0
                  | trident, a +0 buckler, a +0 robe; and the following spell
                  | memorised: Beastly Appendage; and the following spells
                  | available to memorise: Spider Form
     0 | D:1      | Reached XP level 1. HP: 13/13 MP: 6/6
   349 | D:1      | Reached XP level 2. HP: 5/19 MP: 5/7
   849 | D:1      | Found a faded altar of an unknown god.
  1567 | D:1      | Reached XP level 3. HP: 12/25 MP: 9/9
  1758 | D:1      | Reached skill level 5 in Spellcasting
  2648 | D:2      | Reached skill level 1 in Invocations
  2656 | D:2      | Reached skill level 1 in Fighting
  2656 | D:2      | Reached skill level 1 in Short Blades
  2656 | D:2      | Reached skill level 1 in Long Blades
  2656 | D:2      | Reached skill level 1 in Axes
  2656 | D:2      | Reached skill level 1 in Maces & Flails
  2656 | D:2      | Reached skill level 1 in Staves
  2656 | D:2      | Reached skill level 1 in Slings
  2656 | D:2      | Reached skill level 1 in Bows
  2656 | D:2      | Reached skill level 1 in Crossbows
  2656 | D:2      | Reached skill level 1 in Armour
  2656 | D:2      | Reached skill level 1 in Stealth
  2656 | D:2      | Reached skill level 1 in Unarmed Combat
  2656 | D:2      | Reached skill level 1 in Evocations
  2657 | D:2      | Reached XP level 4. HP: 12/32 MP: 9/11
  2666 | D:2      | Slain by a gnoll

Illustrated notes

Levels and vault maps discovered:
D:1:      minmay_arrival_split_and_join, layout_loops_corners, serial_glass,
          glass_columns_c, glass_columns_b, chequers_ecumenical_altar_lobes
D:2:      layout_basic

Skill      XL: |  1  2  3 |
---------------+----------+-----
Transmutations | 2 |  2.2
Spellcasting   | 5 |  5.0
Invocations    | 1 |  1.1
Fighting       | 1 |  1.0
Short Blades   | 1 |  1.0
Long Blades    | 1 |  1.0
Axes           | 1 |  1.0
Maces & Flails | 1 |  1.0
Staves         | 1 |  1.0
Slings         | 1 |  1.0
Bows           | 1 |  1.0
Crossbows      | 1 |  1.0
Armour         | 1 |  1.0
Stealth        | 1 |  1.0
Unarmed Combat | 1 |  1.0
Evocations     | 1 |  1.0
Polearms       | |  8.5
Throwing       | |  2.7
Dodging        | |  2.7
Shields        | |  2.7
Conjurations   | |  0.8
Hexes          | |  0.8
Summonings     | |  0.8
Necromancy     | |  0.8
Translocations | |  0.8
Fire Magic     | |  0.8
Ice Magic      | |  0.8
Air Magic      | |  0.8
Earth Magic    | |  0.8
Poison Magic   | |  0.8

Action                   |  1- 3 |  4- 6 || total
-------------------------+-------+-------++-------
Melee: Trident           |    28 |       ||    28
       Kick              |    12 |     1 ||    13
       Headbutt          |     6 |       ||     6
       Bite              |    14 |     1 ||    15
       Whip              |    89 |     9 ||    98
 Cast: Beastly Appendage |    14 |       ||    14
  Use: Scroll            |     4 |       ||     4
 Stab: Sleeping          |     2 |       ||     2
Armor: Leather armour    |    21 |       ||    21
Dodge: Dodged            |    51 |     3 ||    54
Block: Buckler           |    25 |     2 ||    27

Table legend: (Time is in decaauts)
 A = Elapsed time spent in this place.
 B = Non-inter-level travel time spent in this place.
 C = Inter-level travel time spent in this place.
 D = Time resting spent in this place.
 E = Time spent auto-exploring this place.
 F = Levels seen in this place.
 G = Mean time per level.
                   A        B        C        D        E       F      G
               +--------+--------+--------+--------+--------+-----+--------+
         Total |   2674 |   2649 |     25 |    615 |   1706 |   2 | 1337.0 |
       Dungeon |   2674 |   2649 |     25 |    615 |   1706 |   2 | 1337.0 |
               +--------+--------+--------+--------+--------+-----+--------+

Top non-repeatable levels by time:
     D:1: 2038 daAuts
     D:2: 636 daAuts
